 Dungeon Crawl Stone Soup version 0.31-a0-521-gc7390f8997 (webtiles) character file.

Game seed: 13140955874275953580

109469 Newt the Basher (level 16, -12/94 HPs)
             Began as a Gargoyle Fighter on Aug 10, 2023.
             Was the Champion of Hepliaklqana.
             Mangled by an alligator (38 damage)
             ... called by a spriggan druid
             ... on level 3 of the Lair of Beasts.
             The game lasted 00:35:49 (23792 turns).

Newt the Basher (Gargoyle Fighter)                 Turns: 23792, Time: 00:35:49

Health: -12/94     AC: 38    Str: 32    XL:     16   Next: 52%
Magic:  30/30      EV: 10    Int: 11    God:    Hepliaklqana [******]
Gold:   1928       SH: 15    Dex: 12    Spells: 28/36 levels left

rFire   + . .        w - +10 mace of Annihilation {protect, Str+2}
rCold   + . .        h - +0 kite shield
rNeg    + . .        J - +5 ring mail of the Moon {Regen+ Str-4 Stlth+}
rPois   ∞            (no helmet)
rElec   +            Y - scarf "Dosed" {harm, rF+ Str+8 Dex+3 Stlth-}
rCorr   .            I - +2 pair of gloves
SInv    .            (no boots)
Will    ++...        X - amulet of reflection
Stlth   +            L - +4 ring of protection
HPRegen 1.15/turn    Z - ring of Usyufe {rC+ Will+}
MPRegen 0.22/turn

%: harm (+30% outgoing, +20% incoming), reflection
@: under a protective aura, flying
A: reduced essence, sickness immunity, AC +12, big wings, negative energy
resistance 1, electricity resistance, torment resistance 1, petrification
resistance
a: Renounce Religion, Recall Ancestor, Ancestor Identity, Transference, Idealise


You were on level 3 of the Lair of Beasts.
You worshipped Hepliaklqana.
Hepliaklqana was exalted by your worship.
You visited 5 branches of the dungeon, and saw 24 of its levels.
You visited the Abyss 1 time.
You also visited: Sewer, Ossuary and Ice Cave.

You collected 1928 gold pieces.

Inventory:

Hand Weapons
 w - the +10 mace of Annihilation (weapon) {protect, Str+2}
   (You found it on level 5 of the Dungeon)

   Str+2:     It affects your strength (+2).
Missiles
 m - 4 javelins
 v - 4 throwing nets
Armour
 a - a +1 chain mail of cold resistance
 c - a +0 buckler
 h - a +0 kite shield (worn)
 k - a +4 ring mail
 I - a +2 pair of gloves (worn)
 J - the +5 ring mail of the Moon (worn) {Regen+ Str-4 Stlth+}
   (You found it on level 9 of the Dungeon)

   Str-4:     It affects your strength (-4).
   Regen+:    It increases your rate of health regeneration.
   Stlth+:    It makes you more stealthy.
 V - quicksilver dragon scales
 Y - the scarf "Dosed" (worn) {harm, rF+ Str+8 Dex+3 Stlth-}
   (You found it on level 1 of the Orcish Mines)

   Str+8:     It affects your strength (+8).
   Dex+3:     It affects your dexterity (+3).
   rF+:       It protects you from fire.
   Stlth-:    It makes you less stealthy.
Jewellery
 i - an amulet of faith
 u - the amulet "Ymihat" {RegenMP Int+2 SInv}
   (You found it on level 5 of the Dungeon)

   [amulet of magic regeneration]

   RegenMP:   It increases your rate of magic regeneration.
   Int+2:     It affects your intelligence (+2).
   SInv:      It lets you see invisible.
 y - an amulet of regeneration
 G - a ring of resist corrosion
 K - a +5 ring of evasion
 L - a +4 ring of protection (left hand)
 P - a +6 ring of intelligence
 S - a +4 ring of protection
 X - an amulet of reflection (around neck)
 Z - the ring of Usyufe (right hand) {rC+ Will+}
   (You found it in an ice cave)

   [ring of protection from cold]

   rC+:       It protects you from cold.
   Will+:     It increases your willpower.
Wands
 d - a wand of digging (13)
 e - a wand of flame (6)
 o - a wand of polymorph (8)
 E - a wand of light (4)
 F - a wand of charming (16)
 T - a wand of roots (3)
Scrolls
 b - a scroll of brand weapon
 n - 3 scrolls of poison
 q - 12 scrolls of teleportation
 B - 5 scrolls of enchant weapon
 C - 3 scrolls of amnesia
 N - 5 scrolls of fear
 Q - 5 scrolls of identify
 R - 2 scrolls of silence
Potions
 f - 5 potions of curing
 g - 3 potions of degeneration
 j - a potion of resistance
 l - 3 potions of magic
 p - 3 potions of cancellation
 r - 3 potions of haste
 s - 2 potions of mutation
 t - a potion of heal wounds
 z - 4 potions of brilliance
 A - 5 potions of lignification
 D - 3 potions of might
 H - 2 potions of ambrosia
 M - a potion of enlightenment
 O - 2 potions of berserk rage
 U - 3 potions of attraction


   Skills:
 + Level 13.9 Fighting
 - Level 14.0 Maces & Flails
 - Level 10.0 Armour
 - Level 8.0 Shields
 - Level 10.5 Spellcasting
 - Level 5.2 Transmutations
 - Level 12.3 Earth Magic
 - Level 9.0 Invocations
 - Level 9.0 Evocations


You had 28 spell levels left.
You knew the following spells:

 Your Spells              Type           Power      Damage    Failure   Level
a - Wereblood             Tmut           17%        N/A       4%          2
b - Passwall              Tmut/Erth      20%        N/A       1%          2
c - Petrify               Tmut/Erth      25%        N/A       7%          4

Your spell library contained the following spells:

 Spells                   Type           Power      Damage    Failure   Level
 Sting                    Tmut/Pois      44%        1d5       9%          1
 Apportation              Tloc           10%        N/A       26%         1
 Foxfire                  Conj/Fire      20%        2x1d5     26%         1
 Magic Dart               Conj           20%        1d4       26%         1
 Necrotise                Necr           20%        1d5       26%         1
 Slow                     Hex            20%        N/A       26%         1
 Summon Small Mammal      Summ           20%        N/A       26%         1
 Blink                    Tloc           10%        N/A       36%         2
 Ensorcelled Hibernation  Hex/Ice        10%        N/A       36%         2
 Lesser Beckoning         Tloc           10%        N/A       36%         2
 Momentum Strike          Conj/Tloc      10%        3d8       36%         2
 Poisonous Vapours        Pois/Air       10%        N/A       36%         2
 Searing Ray              Conj           10%        2d4       36%         2
 Borgnjor's Vile Clutch   Necr/Erth      9%         N/A       50%         5
 Confusing Touch          Hex            5%         N/A       61%         3
 Frozen Ramparts          Ice            10%        1d2       61%         3
 Gell's Gravitas          Tloc           5%         N/A       61%         3
 Ozocubu's Armour         Ice            5%         N/A       61%         3
 Swiftness                Air            5%         N/A       61%         3
 Teleport Other           Tloc           5%         N/A       61%         3
 Tukima's Dance           Hex            5%         N/A       61%         3
 Vampiric Draining        Necr           5%         2d6       61%         3
 Alistair's Intoxication  Tmut/Pois      7%         N/A       94%         5
 Irradiate                Conj/Tmut      5%         3d13      94%         5
 Yara's Violent Unravell  Hex/Tmut       5%         3d4       94%         5
 Animate Dead             Necr           5%         N/A       95%         4
 Fulminant Prism          Conj/Hex       2%         3d5       95%         4
 Olgreb's Toxic Radiance  Pois           5%         N/A       95%         4
 Passage of Golubria      Tloc           5%         N/A       95%         4
 Metabolic Englaciation   Hex/Ice        2%         N/A       100%        5
 Death Channel            Necr           2%         N/A       100%        6
 Dispersal                Tloc           2%         N/A       100%        6
 Plasma Beam              Fire/Air       2%         2x1d12    100%        6
 Starburst                Conj/Fire      2%         6d3       100%        6
 Ozocubu's Refrigeration  Ice            2%         4d8       100%        7
 Sublimation of Blood     Necr           Unusable   N/A       N/A         2

Dungeon Overview and Level Annotations

Branches:
Dungeon (15/15)            Temple (1/1) D:5            Lair (5/5) D:8
  Swamp (1/4) Lair:3       Spider (0/4) Lair:2        Slime (0/5) Lair:4
    Orc (2/2) D:11            Elf (0/3) Orc:2        Vaults (0/5) D:13
  Sewer (visited)         Ossuary (visited)           IceCv (visited)
 Depths: D:15

Altars:
Ashenzari
Cheibriados
Dithmenos
Elyvilon
Fedhas
Gozag
Hepliaklqana
Kikubaaqudgha
Makhleb
Nemelex Xobeh
Okawaru
Qazlal
Ru
Sif Muna
Trog
Uskayaw
Vehumet
Wu Jian
Xom
Yredelemnul
Zin
The Shining One
Jiyva

Shops:
Orc:1 =   Orc:2 *[?*

Portals:
Trove: D:13 (give +5 ice dragon scales)

Annotations:
D:11 6 transporters


Innate Abilities, Weirdness & Mutations

Your life essence is reduced to manifest your ancestor. (-10% HP)
You are immune to sickness and miasma.
Your stone body is resilient. (AC +12)
You are immune to poison.
Your large and strong wings let you fly.
You resist negative energy. (rN+)
You are resistant to electric shocks. (rElec)
You are resistant to unholy torment.
You are immune to petrification.


Message History

You barely miss the spriggan druid.
The spriggan druid is heavily wounded.
Nebetia casts a spell at the spriggan druid.
The bolt of magma hits the spriggan druid!!
The spriggan druid is engulfed in a cloud of scalding steam.
With its final breath, the spriggan druid offers up its power to the beasts of the wild!
The swamp worm is healed.
The swamp worm seems to grow more fierce. x2
The alligator seems to grow more fierce.
The goliath frog seems to grow more fierce.
The spriggan druid dies!
You hear a splash. x2
You block the goliath frog's attack. The swamp worm bites you!!
You closely miss the swamp worm. You block the goliath frog's attack.
You closely miss the swamp worm. You block the swamp worm's attack.
You block the goliath frog's attack. The alligator closely misses you.
The alligator tail-slaps you!
Unknown command.
You completely miss the alligator.
The swamp worm bites you but does no damage.
You block the goliath frog's attack. The alligator bites you!
The alligator barely misses you.
You are too injured to fight recklessly!
Unknown command.
You block the swamp worm's attack.
Nebetia hits the goliath frog with a +0 quarterstaff!!
The goliath frog barely misses you. The alligator bites you!
* * * LOW HITPOINT WARNING * * *
The alligator tail-slaps you but does no damage.
The swamp worm barely misses you.
You fly upwards.
Welcome back to the Lair of Beasts!
There is a staircase to the Swamp here.
Unknown command.
Unknown command.
You bludgeon the swamp worm!!
Your weapon exudes an aura of protection.
The swamp worm is almost dead.
Nebetia hits the alligator with a +0 quarterstaff!!
The alligator bites you!!
You die...

.........# #######.........
.........##### #.#..#..........
........###..## #...#...........
.......## ##..## #...............
.......####....♣ #...............
.##......##...♣♣♣♣♣..............
........#...#♣♣~~♣♣♣.............
.............♣~Rtw≈♣.#...........
..............~~@≈~♣..##.........
.............♣~~[~♣♣..##.........
........#.##.♣♣♣≈~♣♣...P.........
.........###..♣♣♣♣♣.............P
.........###................#....
........##P...#..................
....).<.........[................
.................................
............................##...


You could see the friendly Nebetia the battlemage, an alligator (strong) and a
swamp worm (strong, ally target).

Vanquished Creatures
  Jorgrun (Orc:2)
  Gastronok (Lair:1)
  An orc warlord (Orc:2)
  A stone giant (Orc:1)
  2 ettins
  Snorg (D:10)
  Harold (D:11)
  6 vault guards (D:13)
  2 catoblepae
  5 hydras
  A centaur warrior (D:13)
  5 death yaks (Lair:5)
  3 two-headed ogres
  5 orc high priests
  Sonja (D:13)
  A skyshark (Lair:2)
  4 skeletal warriors (D:12)
  Pikel (D:6)
  2 lindwurms
  5 orc knights
  7 orc sorcerers
  A deep elf pyromancer (D:15)
  2 cyclopes
  2 ugly things (D:13)
  2 manticores
  10 elephants
  7 slime creatures (IceCv)
  3 ice statues (IceCv)
  Maggie (D:10)
  3 black mambas
  6 cane toads
  2 torpor snails
  An unseen horror (D:11)
  4 komodo dragons
  4 polar bears
  7 trolls
  A tyrant leech (Lair:3)
  9 blink frogs
  7 dream sheep
  2 centaur simulacra (D:12)
  2 shadows
  A spriggan (Lair:3)
  20 yaks
  3 basilisks
  4 wyverns
  2 steam dragons
  A warg (Orc:2)
  A vampire mosquito (D:11)
  2 swamp worms (Lair:3)
  2 acid dragons
  10 water moccasins
  Duvessa (D:4)
  35 orc warriors
  9 black bears
  An ice beast (D:7)
  7 great orb of eyes simulacra (IceCv)
  9 ogres
  5 centaurs
  A phantom (D:5)
  A slime creature simulacrum (IceCv)
  19 wolves
  2 kobold brigands
  5 bullfrogs
  3 scorpions
  3 glowing shapeshifter simulacra (IceCv)
  3 water moccasin zombies (Ossuary)
  10 wights
  Dowan (D:4)
  3 killer bees (D:10)
  An electric eel (D:9)
  4 howler monkeys
  A crimson imp (D:10)
  4 hounds
  3 gnoll boudas
  16 orc priests
  Ijyb (D:5)
  A sleepcap (D:5)
  3 iguanas
  Natasha (twice) (D:3)
  15 orc wizards
  2 mummies (Ossuary)
  17 gnolls
  3 river rats (Sewer)
  9 adders
  A shadow imp (D:6)
  12 white imps
  3 ufetubi
  4 adder zombies (Ossuary)
  4 worms
  A dart slug (D:4)
  60 orcs
  14 ball pythons
  2 bats
  4 endoplasms
  3 giant cockroaches
  4 gnoll zombies (Ossuary)
  6 goblins
  4 hobgoblins
  5 jackals
  11 kobolds
  3 quokkas
  2 frilled lizards
  2 hobgoblin zombies (Ossuary)
  3 kobold zombies (Ossuary)
  2 orc zombies (Ossuary)
  11 rats
539 creatures vanquished.

Vanquished Creatures (collateral kills)
  2 azure jellies (IceCv)
  An orc warlord (Orc:2)
  3 vault guards (D:13)
  Fannar (Orc:1)
  A rakshasa (D:13)
  3 hydras
  A catoblepas (Lair:5)
  A centaur warrior (D:13)
  A death yak (Lair:5)
  5 two-headed ogres
  A deep troll shaman (Lair:5)
  A skeletal warrior (D:12)
  A spriggan druid (Swamp:1)
  A bog body (Swamp:1)
  A deep elf pyromancer (D:13)
  An orc knight (Orc:2)
  2 orc sorcerers
  5 elephants
  A torpor snail (Lair:4)
  3 black mambas
  3 cane toads (Lair:1)
  4 unseen horrors
  A rime drake (Lair:5)
  3 komodo dragons
  2 hornets
  A polar bear (Lair:2)
  12 blink frogs
  2 trolls
  11 dream sheep
  4 slime creatures
  2 culicivoras (Lair:2)
  21 yaks
  A vampire (D:12)
  A spriggan (Swamp:1)
  A wraith (D:10)
  3 wyverns
  2 basilisks
  3 vampire mosquitoes (D:11)
  A warg (Orc:2)
  2 acid dragons
  4 water moccasins
  19 orc warriors
  A great orb of eyes simulacrum (IceCv)
  A black bear (D:8)
  4 ogres
  12 wolves
  2 centaurs
  3 slime creature simulacra (IceCv)
  5 bullfrogs
  A glowing shapeshifter simulacrum (IceCv)
  A water moccasin zombie (Ossuary)
  A wight (D:10)
  3 electric eels
  3 howler monkeys
  16 orc priests
  14 orc wizards
  4 gnolls
  A shadow imp (D:7)
  7 white imps
  An adder zombie (Ossuary)
  52 orcs
  A gnoll zombie (Ossuary)
  3 kobolds (D:9)
  2 hobgoblin zombies (Ossuary)
  A kobold zombie (Ossuary)
  An orc zombie (Ossuary)
279 creatures vanquished.

Vanquished Creatures (others)
  An ogre (Orc:2)
  16 battlemagi
  An orc (Orc:2)
18 creatures vanquished.

Grand Total: 836 creatures vanquished

Notes
Turn   | Place    | Note
-------+----------+-------------------------------------------
     0 | D:1      | Newt the Gargoyle Fighter began the quest for the Orb.
     0 | D:1      | Reached XP level 1. HP: 14/14 MP: 1/1
   113 | D:1      | Reached XP level 2. HP: 19/19 MP: 2/2
   221 | D:1      | Reached skill level 3 in Maces & Flails
   751 | D:2      | Reached XP level 3. HP: 20/23 MP: 3/3
  1725 | D:3      | Reached skill level 4 in Maces & Flails
  1725 | D:3      | Reached XP level 4. HP: 28/28 MP: 4/4
  2241 | D:3      | Noticed Natasha
  2250 | D:3      | Killed Natasha
  2251 | D:3      | Reached skill level 5 in Maces & Flails
  2251 | D:3      | Reached XP level 5. HP: 21/32 MP: 5/5
  2520 | D:3      | Noticed Natasha
  2527 | D:3      | Killed Natasha
  2821 | D:4      | Reached skill level 5 in Shields
  2821 | D:4      | Reached XP level 6. HP: 36/37 MP: 5/7
  2824 | D:4      | Learned a level 2 spell: Wereblood
  2884 | D:4      | Reached skill level 1 in Spellcasting
  2892 | D:4      | Noticed Duvessa
  2892 | D:4      | Noticed Dowan
  2910 | D:4      | Reached skill level 1 in Transmutations
  2929 | D:4      | Killed Duvessa
  2938 | D:4      | Reached XP level 7. HP: 23/41 MP: 4/10
  3138 | D:4      | Killed Dowan
  4186 | D:5      | Entered Level 5 of the Dungeon
  4208 | D:5      | Noticed a steam dragon
  4226 | D:5      | Killed a steam dragon
  4245 | D:5      | Found a staircase to the Ecumenical Temple.
  4251 | Temple   | Entered the Ecumenical Temple
  4256 | Temple   | Became a worshipper of Hepliaklqana the Forgotten
  4292 | D:5      | Reached XP level 8. HP: 36/46 MP: 12/14
  4419 | D:5      | Found a glowing drain.
  4423 | D:5      | Noticed Ijyb
  4448 | D:5      | Killed Ijyb
  4455 | Sewer    | Entered a sewer
  4665 | Sewer    | Reached skill level 5 in Spellcasting
  5230 | D:5      | Identified the +10 mace of Annihilation {protect, Str+2}
  5245 | D:5      | Reached skill level 5 in Transmutations
  5312 | D:5      | Reached * piety under Hepliaklqana
  5711 | D:5      | Identified the amulet "Ymihat" {RegenMP Int+2 SInv}
  5893 | D:6      | Noticed Pikel
  5907 | D:6      | Killed Pikel
  5908 | D:6      | Reached XP level 9. HP: 16/49 MP: 17/17
  5920 | D:6      | Identified the +1 robe of Lies {*Slow rF+ Str+2 Int+2
                  | Dex+2}
  5925 | D:6      | Found a sand-covered staircase.
  6029 | Ossuary  | Entered an ossuary
  6082 | Ossuary  | Reached skill level 6 in Maces & Flails
  6234 | D:6      | Reached skill level 9 in Maces & Flails
  6234 | D:6      | Reached XP level 10. HP: 59/59 MP: 18/18
  6683 | D:6      | Found an iron altar of Okawaru.
  6707 | D:6      | Reached ** piety under Hepliaklqana
  6708 | D:6      | Remembered your ancestor Nebetia as a battlemage
  7032 | D:7      | Reached skill level 10 in Maces & Flails
  7134 | D:7      | Reached skill level 1 in Evocations
  7267 | D:7      | Reached XP level 11. HP: 63/63 MP: 19/19
  7275 | D:7      | Found a shimmering altar of Xom.
  7275 | D:7      | Found a white marble altar of Elyvilon.
  7275 | D:7      | Found a shimmering blue altar of Sif Muna.
  7291 | D:7      | Found an ornate altar of the Wu Jian Council.
  7884 | D:7      | Reached *** piety under Hepliaklqana
  8158 | D:8      | Reached skill level 5 in Evocations
  8479 | D:8      | Found a staircase to the Lair.
  9121 | D:8      | Found a glowing golden altar of the Shining One.
  9348 | D:9      | Found a sparkling altar of Nemelex Xobeh.
  9355 | D:9      | Found a basalt altar of Yredelemnul.
  9383 | D:9      | Noticed a manticore
  9403 | D:9      | Killed a manticore
  9610 | D:9      | Identified the +5 short sword of an ice cave {speed, rF+
                  | Str+2}
  9768 | D:9      | Identified the +5 ring mail of the Moon {Regen+ Str-4
                  | Stlth+}
 10055 | D:10     | Entered Level 10 of the Dungeon
 10141 | D:10     | Noticed Snorg
 10156 | D:10     | Killed Snorg
 10212 | D:10     | Noticed Maggie
 10221 | D:10     | Killed Maggie
 10472 | D:10     | Reached XP level 12. HP: 68/68 MP: 20/20
 11108 | D:11     | Found a transporter.
 11120 | D:11     | Reached skill level 10 in Armour
 11138 | D:11     | Found a transporter.
 11139 | D:11     | Found a transporter.
 11145 | D:11     | Found a transporter.
 11145 | D:11     | Noticed a two-headed ogre
 11152 | D:11     | Killed a two-headed ogre
 11214 | D:11     | Noticed Harold
 11228 | D:11     | Killed Harold
 11229 | D:11     | Reached skill level 11 in Maces & Flails
 11328 | D:11     | Found a transporter.
 11330 | D:11     | Found a transporter.
 11366 | D:11     | Noticed a two-headed ogre
 11371 | D:11     | Killed a two-headed ogre
 11432 | D:11     | Found a staircase to the Orcish Mines.
 11592 | D:11     | Reached skill level 12 in Maces & Flails
 11982 | Lair:1   | Entered Level 1 of the Lair of Beasts
 12027 | Lair:1   | Reached **** piety under Hepliaklqana
 12132 | Lair:1   | Noticed Gastronok
 12148 | Lair:1   | Killed Gastronok
 12149 | Lair:1   | Reached skill level 13 in Maces & Flails
 12221 | Lair:1   | Reached XP level 13. HP: 66/72 MP: 19/21
 12378 | Lair:1   | Reached skill level 14 in Maces & Flails
 12994 | Lair:2   | Reached skill level 1 in Invocations
 13466 | Lair:2   | Reached ***** piety under Hepliaklqana
 13734 | Lair:2   | Found a hole to the Spider Nest.
 14093 | Lair:3   | Reached skill level 5 in Invocations
 14180 | Lair:3   | Found a staircase to the Swamp.
 15074 | Lair:4   | Found a staircase to the Slime Pits.
 15075 | Lair:4   | Found a viscous altar of Jiyva.
 15154 | Lair:4   | Gained mutation: Your large and strong wings let you fly.
                  | [Gargoyle growth]
 15154 | Lair:4   | Reached XP level 14. HP: 72/77 MP: 22/22
 15940 | Lair:5   | Entered Level 5 of the Lair of Beasts
 16937 | Lair:5   | Reached skill level 10 in Spellcasting
 16983 | Lair:5   | Reached ****** piety under Hepliaklqana
 17551 | Orc:1    | Entered Level 1 of the Orcish Mines
 17614 | D:11     | Learned a level 2 spell: Passwall
 17619 | D:11     | Learned a level 4 spell: Petrify
 17665 | Orc:1    | Reached skill level 1 in Earth Magic
 17704 | Orc:1    | Found Eshrezue's Jewellery Emporium.
 17735 | Orc:1    | Reached XP level 15. HP: 73/81 MP: 29/29
 17785 | Orc:1    | Found a transporter.
 17848 | Orc:1    | You are sucked into a shaft and drop 1 floor!
 17848 | Orc:2    | Entered Level 2 of the Orcish Mines
 17848 | Orc:2    | Found Jyly's Armour Shoppe.
 17893 | Orc:2    | Found Xim Ran's General Store.
 17955 | Orc:2    | Noticed an orc warlord
 17974 | Orc:2    | Killed an orc warlord
 17975 | Orc:2    | Reached skill level 5 in Earth Magic
 18928 | Orc:2    | Found a staircase to the Elven Halls.
 19168 | Orc:2    | Reached skill level 10 in Earth Magic
 19202 | Orc:2    | Noticed an orc warlord
 19215 | Orc:2    | Killed an orc warlord
 19273 | Orc:2    | Found Huyjehoi's Magic Scroll Shoppe.
 19321 | Orc:2    | Found Xacoyr's Assorted Antiques.
 19868 | Orc:1    | Noticed Jorgrun
 19868 | Orc:1    | Noticed Fannar
 19892 | Orc:1    | HP: 3/81 [ice beast[Fannar] (12)]
 19901 | Orc:2    | Killed Jorgrun
 20114 | Orc:1    | Killed Fannar
 20153 | Orc:1    | Found a transporter.
 20272 | Orc:1    | Identified the scarf "Dosed" {harm, rF+ Str+8 Dex+3 Stlth-}
 20469 | D:12     | Found a frozen archway.
 20497 | IceCv    | Entered an ice cave
 21020 | IceCv    | Reached skill level 10 in Fighting
 21185 | IceCv    | Noticed an azure jelly
 21187 | IceCv    | Noticed an azure jelly
 21189 | IceCv    | Found a viscous altar of Jiyva.
 21191 | IceCv    | Killed an azure jelly
 21196 | IceCv    | Killed an azure jelly
 21372 | IceCv    | Got the ring of Usyufe {rC+ Will+}
 21480 | D:12     | Reached XP level 16. HP: 80/89 MP: 30/30
 22371 | D:12     | Found a white marble altar of Elyvilon.
 22669 | D:13     | Noticed Sonja
 22688 | Abyss:1  | Cast into level 1 of the Abyss (Sonja)
 22707 | D:13     | Escaped the Abyss
 22708 | D:13     | Killed Sonja
 22768 | D:13     | You are sucked into a shaft and drop 2 floors!
 22768 | D:15     | Entered Level 15 of the Dungeon
 23086 | D:13     | Found a portal to a secret trove of treasure.
 23244 | D:13     | Found a gate to the Vaults.
 23765 | Swamp:1  | Entered Level 1 of the Swamp
 23792 | Lair:3   | Mangled by an alligator

Illustrated notes

Levels and vault maps discovered:
D:1:      minmay_arrival_up_and_down, layout_basic, minivault_14, st_stairs_6
D:2:      layout_basic, serial_corexii_hall, chequers_hall_statues_corner_a,
          corexii_hall_statues_deadend, corexii_hall_statues_s,
          kennysheep_generic_room_11
D:3:      layout_basic, st_stairs_14, uniq_natasha
D:4:      layout_loops_ring, grunt_decor_clamped, uniq_duvessa
D:5:      minmay_chambers_of_fours, layout_gridville, minmay_temple_entry_hall,
          cheibrodos_sewer_entry_drain, minmay_misc_feat_roman,
          hangedman_glass_teeth, grunt_ministairs_7, chequers_decorated_corner,
          hangedman_decor_slide_cut, minmay_a_box_with_orc_wizards_in_it,
          uniq_ijyb
D:6:      layout_loops_ring, okawaru_trees_2, enter_ossuary_5, uniq_pikel
D:7:      layout_layer_cave, grunt_temple_overflow_cloverleaf,
          chequers_arboretum, grunt_tough_drop
D:8:      layout_cave_pods, nicolae_tso_carved_into_rock,
          minmay_lair_entry_grove
D:9:      wad_lake_hut, layout_irregular_city, amethyst_overflow_temple_binary,
          minmay_fountain_box
D:10:     layout_basic, minmay_fire_ice_demons, uniq_maggie, uniq_snorg
D:11:     layout_irregular_city, david_orc_4, serial_nicolae_subway,
          nicolae_sub_station_crystal, nicolae_sub_station_metal,
          nicolae_sub_station_stone, uniq_harold
D:12:     layout_long_grid, serial_ice, serial_ice_b, serial_ice_m,
          serial_ice_c, serial_ice_k, portal_ice_cave_entry_imps,
          elyvilon_altar_4
D:13:     layout_irregular_city, erik_vaults_2, gauntlet_entry_generic,
          enter_trove_5, uniq_sonja
D:14:     layout_cave_pods, serial_shops, nicolae_shop_just_a_little_nook,
          nicolae_elemental_shop
D:15:     gammafunk_enter_depths_forms, layout_rooms, wad_floor_pattern_2
Temple:   nicolae_temple_bog_church
Lair:1:   layout_small_grid, beast_lair_carwin_11, grunt_megastairs_5,
          lemuel_fruit_tree, uniq_gastronok
Lair:2:   layout_layer_cave, hellmonk_spider_entry_life_and_decay
Lair:3:   layout_cave_shapes, minmay_swamp_entry_worms, minmay_holes,
          dreamdust_mushroom_princess
Lair:4:   layout_regular_city, slime_entry_1, serial_bayou_shore_a
Lair:5:   grunt_lair_end_beastmaster, layout_layer_cave
Swamp:1:  layout_basic_swamp, lemuel_altar_in_water,
          nicolae_swamp_super_fun_site, uniq_aizul
Orc:1:    gammafunk_beogh_shrine, layout_diamond_mine, serial_shops, shop,
          uniq_jorgrun, uniq_fannar
Orc:2:    pubby_orc_utopia

Skill      XL: |  1  2  3  4  5  6  7  8  9 10 11 12 13 14 15 16 |
---------------+-------------------------------------------------+-----
Maces & Flails | 3 4 5 9 10 13 14 | 14.0
Shields        | 5 8 |  8.0
Spellcasting   | 2 4 5 10 | 10.5
Transmutations | 2 3 5 |  5.2
Fighting       | 6 9 10 13 | 13.9
Armour         | 7 9 10 | 10.0
Evocations     | 2 6 7 9 |  9.0
Invocations    | 9 |  9.0
Earth Magic    | 2 12 | 12.3

Action                     |  1- 3 |  4- 6 |  7- 9 | 10-12 | 13-15 | 16-18 || total
---------------------------+-------+-------+-------+-------+-------+-------++-------
  Melee: Flail             |    78 |    73 |       |       |       |       ||   151
         Whip              |       |    80 |   312 |       |       |       ||   392
         Unarmed           |       |       |    17 |       |       |       ||    17
         Mace              |       |       |    86 |   514 |  1233 |   208 ||  2041
  Throw: Javelin           |       |       |     1 |       |       |       ||     1
         Throwing net      |       |       |       |       |     1 |     2 ||     3
   Cast: Wereblood         |       |       |     7 |    15 |    12 |       ||    34
         Petrify           |       |       |       |       |     2 |     1 ||     3
 Invoke: Recall Ancestor   |       |       |       |     1 |     1 |     1 ||     3
         Ancestor Life: Ba |       |       |       |     1 |       |       ||     1
  Evoke: Wand              |       |       |       |       |     7 |     5 ||    12
    Use: Scroll            |     6 |     2 |     9 |     4 |     7 |     1 ||    29
         Potion            |       |     5 |     1 |       |     6 |       ||    12
   Stab: Confused          |       |       |     1 |       |       |       ||     1
         Distracted        |       |       |     1 |     1 |    15 |     2 ||    19
         Petrified         |       |       |       |       |    29 |       ||    29
         Petrifying        |       |       |       |       |     5 |       ||     5
         Invisible         |       |       |       |       |     2 |       ||     2
         Sleeping          |       |       |       |       |     2 |       ||     2
         Held in net/web   |       |       |       |       |     1 |       ||     1
 Armour: Scale mail        |    30 |    68 |    34 |       |       |       ||   132
         Ring mail         |       |       |   169 |   378 |   624 |    94 ||  1265
         Skin              |       |       |     4 |       |     1 |       ||     5
  Dodge: Dodged            |    42 |    55 |   195 |   330 |   711 |    79 ||  1412
  Block: Buckler           |     8 |    19 |    64 |   131 |   366 |    74 ||   662
         Reflection        |       |       |       |       |     8 |    11 ||    19
         Kite shield       |       |       |       |       |       |    23 ||    23

Table legend: (Time is in decaauts)
 A = Elapsed time spent in this place.
 B = Non-inter-level travel time spent in this place.
 C = Inter-level travel time spent in this place.
 D = Time resting spent in this place.
 E = Time spent auto-exploring this place.
 F = Levels seen in this place.
 G = Mean time per level.
                   A        B        C        D        E       F      G
               +--------+--------+--------+--------+--------+-----+--------+
         Total |  23548 |  22099 |   1449 |   3217 |  14190 |  28 |  841.0 |
       Dungeon |  13592 |  12667 |    925 |   1925 |   8228 |  15 |  906.1 |
        Temple |     10 |      1 |      9 |      0 |      0 |   1 |   10.0 |
          Lair |   5373 |   5062 |    311 |    265 |   3916 |   5 | 1074.6 |
         Swamp |     15 |     15 |      0 |      0 |      0 |   1 |   15.0 |
  Orcish Mines |   2599 |   2396 |    203 |    477 |   1238 |   2 | 1299.5 |
         Abyss |     18 |     18 |      0 |      0 |      0 |   1 |   18.0 |
         Sewer |    789 |    789 |      0 |      0 |    576 |   1 |  789.0 |
       Ossuary |    208 |    208 |      0 |      0 |    105 |   1 |  208.0 |
      Ice Cave |    939 |    939 |      0 |    550 |    127 |   1 |  939.0 |
               +--------+--------+--------+--------+--------+-----+--------+

Top non-repeatable levels by time:
   Orc:2: 1901 daAuts
     D:4: 1606 daAuts
  Lair:5: 1341 daAuts
     D:8: 1253 daAuts
     D:7: 1197 daAuts
    D:10: 1116 daAuts
    D:11: 1105 daAuts
  Lair:2: 1061 daAuts
  Lair:1: 1051 daAuts
     D:5: 1014 daAuts
  Lair:4: 1002 daAuts
    D:12: 984 daAuts
     D:3: 982 daAuts
     D:9: 961 daAuts
   IceCv: 939 daAuts
